 Dungeon Crawl Stone Soup version 0.29.1-15-g9cfb28693d (webtiles) character file.

Game seed: 7818779379392421751

1569 Peloso the Carver (level 8, 0/73 HPs)
             Began as a Minotaur Fighter on Apr 2, 2023.
             Was a Follower of Okawaru.
             Succumbed to a hornet's poison
             ... on level 7 of the Dungeon.
             The game lasted 00:11:19 (7422 turns).

Peloso the Carver (Minotaur Fighter)                Turns: 7422, Time: 00:11:20

Health: 0/73       AC: 10    Str: 20    XL:     8   Next: 59%
Magic:  7/7        EV:  8    Int:  5    God:    Okawaru [*.....]
Gold:   509        SH:  5    Dex: 13    Spells: 7/7 levels left

rFire   . . .      SeeInvis .   a - +0 long sword
rCold   . . .      Faith    .   d - +0 buckler
rNeg    + . .      Spirit   .   b - +0 chain mail
rPois   .          Reflect  .   (helmet restricted)
rElec   .          Harm     .   (no cloak)
rCorr   .          Rampage  .   (no gloves)
Will    .....                   (no boots)
Stlth   ..........              (no amulet)
HPRegen 0.22/turn               n - ring of positive energy
MPRegen 0.10/turn               (no ring)

@: mighty, lethally poisoned (0 -> -3), flying
A: horns 2, retaliatory headbutt
a: Renounce Religion, Heroism


You were on level 7 of the Dungeon.
You worshipped Okawaru.
Okawaru was aware of your devotion.
You visited 1 branch of the dungeon, and saw 7 of its levels.
You also visited: Sewer.

You collected 509 gold pieces.

Inventory:

Hand Weapons
 a - a +0 long sword (weapon)
 c - a +1 dagger of flaming
Armour
 b - a +0 chain mail (worn)
 d - a +0 buckler (worn)
Jewellery
 n - a ring of positive energy (left hand)
 y - a ring of wizardry
Wands
 z - a wand of flame (4)
Scrolls
 h - a scroll of vulnerability {unknown}
 i - a scroll of poison
 j - a scroll of amnesia
 k - a scroll of fear {unknown}
 l - 2 scrolls of acquirement
 m - a scroll of summoning {unknown}
 p - 2 scrolls of fog
 r - a scroll of enchant weapon {unknown}
 s - 3 scrolls of teleportation
 t - a scroll of identify
 u - a scroll of brand weapon {unknown}
 w - a scroll of enchant armour {unknown}
Potions
 e - a potion of might
 f - 2 potions of flight
 g - 3 potions of resistance
 o - a potion of invisibility
 q - a potion of cancellation
 v - a potion of magic {unknown}
 x - a potion of ambrosia {unknown}


   Skills:
 + Level 7.1 Fighting
 + Level 8.1 Long Blades
 + Level 8.0 Armour
 + Level 1.7 Dodging
 + Level 0.5 Stealth
 + Level 5.1 Shields


You had 7 spell levels left.
You didn't know any spells.
Your spell library contained the following spells:

 Spells                   Type           Power      Damage    Failure   Level
 Sting                    Tmut/Pois      0%         1d3       99%         1
 Poisonous Vapours        Pois/Air       0%         N/A       100%        2
 Stone Arrow              Conj/Erth      0%         3d7       100%        3
 Olgreb's Toxic Radiance  Pois           0%         N/A       100%        4
 Lehudib's Crystal Spear  Conj/Erth      0%         10d2      100%        8
 Animate Armour           Summ/Erth      Unusable   N/A       N/A         4

Dungeon Overview and Level Annotations

Branches:
Dungeon (7/15)             Temple (0/1) D:7           Sewer (visited)

Altars:
Elyvilon
Gozag
Okawaru
Qazlal
Ru
Sif Muna
Wu Jian
Yredelemnul
Zin

Shops:
D:4 (


Innate Abilities, Weirdness & Mutations

You have a pair of horns on your head.
You reflexively headbutt those who attack you in melee.


Message History

You barely miss the hornet.
The hornet is heavily wounded.
You feel very sick. The hornet stings you!
You feel yourself slow down. The orc hits you but does no damage.
A gnoll comes into view. It is wielding a +0 whip.
The hornet closely misses you.
The gnoll shouts!
You hit the hornet but do no damage.
The hornet is heavily wounded.
You feel yourself speed up.
You feel very sick. You block the hornet's attack. The orc closely misses you.
The hornet stings you!
* * * LOW HITPOINT WARNING * * *
You feel yourself slow down. The orc barely misses you.
A gnoll comes into view. It is wielding a +0 club.
The gnoll shouts!
You slash the hornet! You headbutt the hornet.
The hornet is almost dead.
You feel yourself speed up.
You feel sick. The hornet stings you!
* * * LOW HITPOINT WARNING * * *
You feel yourself slow down. The hornet barely misses you.
The orc hits you but does no damage.
You hit the hornet.
You kill the hornet!
Okawaru accepts your kill.
You can now gain great but temporary skills.
* * * LOW HITPOINT WARNING * * *
You feel sick. The orc hits you but does no damage. x2
Your Fighting skill increases to level 7!
Your Long Blades skill increases to level 8!
Your Armour skill increases to level 8!
Unknown command.
It was a potion of flight.
You feel very buoyant.
You fly up into the air.
You feel yourself speed up.
You die...

s..$...# # #......#
.. ......# #
#.#.....#
....g.#...#
#.>.#...#.#
......#gos#########
#.)go{go.@....#
......###########.#
.#.#. #.# .. #.# .#
#.# # #.# #.#
#.####### #......<#


You could see a gnoll sergeant, a scorpion, 2 gnolls and 3 orcs.

Vanquished Creatures
  A hornet (D:7)
  2 steam dragons
  A black bear (D:5)
  Pargi (Sewer)
  A sky beast (D:6)
  A kobold brigand (D:6)
  A phantom (D:3)
  2 necrophages
  3 scorpions
  A howler monkey (D:5)
  A hound (D:5)
  A jelly (D:5)
  An orc wizard (D:3)
  3 iguanas
  11 adders
  A white imp (D:5)
  4 worms
  A dart slug (D:2)
  13 orcs
  13 endoplasms
  A giant cockroach (D:2)
  6 goblins
  7 hobgoblins
  7 quokkas
  7 ball pythons
  5 bats
  4 frilled lizards (Sewer)
  10 kobolds
  10 rats
120 creatures vanquished.

Vanquished Creatures (others)
  A butterfly (D:4)
1 creature vanquished.

Grand Total: 121 creatures vanquished

Notes
Turn   | Place    | Note
-------+----------+-------------------------------------------
     0 | D:1      | Peloso the Minotaur Fighter began the quest for the Orb.
     0 | D:1      | Reached XP level 1. HP: 19/19 MP: 0/0
   272 | D:1      | Reached XP level 2. HP: 27/27 MP: 1/1
   794 | D:1      | Found a faded altar of an unknown god.
  1375 | D:2      | Reached XP level 3. HP: 32/33 MP: 2/2
  2020 | D:2      | Identified 2 scrolls of acquirement
  2169 | D:3      | Found a sacrificial altar of Ru.
  2190 | D:3      | Found a basalt altar of Yredelemnul.
  2217 | D:3      | Reached XP level 4. HP: 29/41 MP: 3/3
  2266 | D:3      | Noticed a phantom
  2282 | D:3      | Killed a phantom
  2283 | D:3      | Reached skill level 5 in Long Blades
  2283 | D:3      | Reached XP level 5. HP: 12/47 MP: 4/4
  2291 | D:3      | Found a glowing drain.
  2472 | Sewer    | Entered a sewer
  2690 | Sewer    | Noticed Pargi
  2702 | Sewer    | Killed Pargi
  2703 | Sewer    | Reached skill level 5 in Armour
  2703 | Sewer    | Reached XP level 6. HP: 35/53 MP: 5/5
  3067 | D:3      | Found an opulent altar of Gozag.
  3067 | D:3      | Found a glowing silver altar of Zin.
  3569 | D:4      | Identified the +1 short sword of Ogomod {flame, Drain Will-
                  | Dex+6 Stlth+}
  3582 | D:4      | Found a white marble altar of Elyvilon.
  3856 | D:4      | Found Ehygar's Antique Weapon Shop.
  4211 | D:4      | Reached skill level 5 in Fighting
  4211 | D:4      | Reached skill level 1 in Dodging
  4607 | D:5      | Entered Level 5 of the Dungeon
  4613 | D:5      | Noticed a steam dragon
  4623 | D:5      | Killed a steam dragon
  4624 | D:5      | Reached XP level 7. HP: 18/61 MP: 6/6
  4626 | D:5      | HP: 1/61 [iguana (9)]
  5703 | D:5      | Found a stormy altar of Qazlal.
  5703 | D:5      | Found an iron altar of Okawaru.
  5706 | D:5      | Became a worshipper of Warmaster Okawaru
  5825 | D:6      | HP: 3/63 [scorpion (1)]
  5837 | D:6      | Reached XP level 8. HP: 14/71 MP: 7/7
  6308 | D:6      | Found a shimmering blue altar of Sif Muna.
  6468 | D:6      | Reached skill level 5 in Shields
  7336 | D:6      | Found an ornate altar of the Wu Jian Council.
  7402 | D:7      | Found a staircase to the Ecumenical Temple.
  7404 | D:7      | Noticed a hornet
  7415 | D:7      | Paralysed by a hornet for 3 turns
  7420 | D:7      | HP: 3/71 [hornet (8)]
  7421 | D:7      | Killed a hornet
  7421 | D:7      | Reached * piety under Okawaru
  7422 | D:7      | Succumbed to a hornet's poison

Illustrated notes

Levels and vault maps discovered:
D:1:      dpeg_arrival_solitude, layout_basic,
          ebering_ecumenical_altar_petrified
D:2:      layout_loops_corners
D:3:      minmay_general_purpose_star, layout_loops_ring,
          grunt_temple_overflow_gold_and_silver, nicolae_ru_path_of_blood,
          mainiacjoe_overflow_tiny_flanked, portal_sewer_entry_b
D:4:      layout_basic, nicolae_elyvilon_peaceful_grove, serial_shops,
          shop_statue
D:5:      layout_loops_ring, gammafunk_temple_overflow_elements
D:6:      layout_rooms, marbit_many_paths, nicolae_wu_jian_immortal_techniques
D:7:      layout_basic, minmay_temple_entry_sparse_star, grunt_ministairs_6

Skill      XL: |  1  2  3  4  5  6  7  8 |
---------------+-------------------------+-----
Fighting       | 4 5 6 7 |  7.1
Armour         | 4 5 7 8 |  8.0
Shields        | 4 5 |  5.1
Long Blades    | 3 5 6 7 8 |  8.1
Dodging        | 1 |  1.7
Stealth        | |  0.5

Action                   |  1- 3 |  4- 6 |  7- 9 || total
-------------------------+-------+-------+-------++-------
Melee: Long sword        |    96 |   140 |   113 ||   349
       Headbutt          |    14 |    27 |    25 ||    66
  Use: Potion            |     3 |     1 |     7 ||    11
       Scroll            |     5 |     4 |     1 ||    10
Armor: Scale mail        |    52 |    38 |       ||    90
       Chain mail        |       |    27 |    83 ||   110
Dodge: Dodged            |    49 |    54 |    50 ||   153
Block: Buckler           |    22 |    35 |    24 ||    81
